 Dungeon Crawl Stone Soup version 0.27.1-35-g4d5d836560 (webtiles) character file.

Game seed: 6485746093704960168

2460 Delamore the Cleaver (level 9, -4/68 HPs)
             Began as a Formicid Fighter on Mar 3, 2022.
             Was an Initiate of Gozag.
             Killed from afar by a deep elf pyromancer (34 damage)
             ... with a bolt of fire
             ... on level 7 of the Dungeon.
             The game lasted 00:07:13 (9148 turns).

Delamore the Cleaver (Formicid Fighter)             Turns: 9148, Time: 00:07:14

Health: -4/68      AC: 10    Str: 25    XL:     9   Next: 79%
Magic:  9/9        EV:  8    Int:  7    God:    Gozag
Gold:   283        SH: 10    Dex: 16    Spells: 8/8 levels left

rFire    . . .     SeeInvis +   p - +2 hand axe (vorpal)
rCold    . . .     Faith    .   c - +0 kite shield
rNeg     . . .     Spirit   .   b - +0 scale mail
rPois    .         Reflect  .   (helmet unavailable)
rElec    .         Harm     .   C - +1 cloak
rCorr    .         Rampage  .   D - +0 pair of gloves
Will     .....                  (no boots)
Stlth    ..........             (no amulet)
HPRegen  0.21/turn              y - +6 ring of dexterity
MPRegen  0.11/turn              (no ring)

@: gold aura
A: permanent stasis, dig shafts and tunnels, antennae 3, four strong arms
a: Dig, Shaft Self, Renounce Religion, Potion Petition, Call Merchant, Bribe
Branch


You were on level 7 of the Dungeon.
You worshipped Gozag.
Gozag was aware of your devotion.
You visited 2 branches of the dungeon, and saw 8 of its levels.
You also visited: Ossuary.

You collected 349 gold pieces.
You paid 66 gold pieces to Gozag.

Inventory:

Hand Weapons
 a - a +0 war axe
 e - a +2 dagger of speed
 p - a +2 vorpal hand axe (weapon)
 z - a +3 battleaxe of chaos
Missiles
 h - a throwing net
 r - 38 poisoned darts
 B - 4 curare-tipped darts
 E - 2 atropa-tipped darts
Armour
 b - a +0 scale mail (worn)
 c - a +0 kite shield (worn)
 C - a +1 cloak (worn)
 D - a +0 pair of gloves (worn)
Jewellery
 y - a +6 ring of dexterity (left hand)
Wands
 k - a wand of mindburst (15)
 x - a wand of flame (21)
Scrolls
 g - 2 scrolls of torment
 i - 4 scrolls of amnesia
 m - 8 scrolls of teleportation
 u - 2 scrolls of immolation
 w - a scroll of blinking
Potions
 d - 2 potions of might
 f - 2 potions of resistance
 j - 3 potions of curing {unknown}
 l - 3 potions of brilliance
 n - 3 potions of heal wounds
 o - 2 potions of invisibility {unknown}
 q - 2 potions of cancellation
 s - 2 potions of magic {unknown}
 t - a potion of lignification {unknown}
 v - 2 potions of attraction {unknown}
 A - a potion of haste {unknown}


   Skills:
 - Level 5.0 Fighting
 * Level 11.8 Axes
 - Level 3.2 Armour
 + Level 4.3 Shields


You had 8 spell levels left.
You didn't know any spells.
Your spell library contained the following spells:

 Spells                   Type           Power      Damage    Failure   Level
 Fulminant Prism          Conj/Hex       0%         3d6       100%        4
 Iskenderun's Mystic Bla  Conj/Tloc      0%         2d3       100%        4
 Lee's Rapid Deconstruct  Erth           0%         3d5*      100%        5


Dungeon Overview and Level Annotations

Branches:
Dungeon (7/15)             Temple (1/1) D:6         Ossuary (visited)

Altars:
Ashenzari
Cheibriados
Dithmenos
Gozag
Hepliaklqana
Kikubaaqudgha
Makhleb
Nemelex Xobeh
Okawaru
Qazlal
Ru
Sif Muna
Trog
Vehumet
Wu Jian
Yredelemnul
Zin
The Shining One


Innate Abilities, Weirdness & Mutations

You cannot be hasted, slowed, berserked, paralysed or teleported.
You can dig through walls and to a lower floor.
You have a pair of large antennae on your head. (SInv)
Your four strong arms can wield two-handed weapons with a shield.


Message History

You hit the water moccasin but do no damage.
The water moccasin is heavily wounded.
You feel sick. The water moccasin barely misses you.
You miss the water moccasin.
The water moccasin is heavily wounded.
You feel sick. You block the water moccasin's attack.
The water moccasin barely misses you.
You hit the water moccasin.
The water moccasin is severely wounded.
You feel sick. The water moccasin barely misses you.
You hit the water moccasin.
The water moccasin is almost dead.
You feel sick. You block the water moccasin's attack.
You hit the water moccasin but do no damage.
The water moccasin is almost dead.
You feel sick. The water moccasin bites you!
* * * LOW HITPOINT WARNING * * *
The water moccasin bites you but does no damage.
You slash the water moccasin!
You kill the water moccasin!
You feel sick.
You feel much better.
You feel sick.
The deep elf pyromancer hits you but does no damage.
You hit the deep elf pyromancer.
The deep elf pyromancer is lightly wounded.
You feel sick.
You are no longer poisoned.
The deep elf pyromancer hits you but does no damage.
You hit the deep elf pyromancer.
The deep elf pyromancer is lightly wounded.
The deep elf pyromancer closely misses you.
You slash the deep elf pyromancer!
The deep elf pyromancer is heavily wounded.
You hit the deep elf pyromancer but do no damage.
The deep elf pyromancer is heavily wounded.
The deep elf pyromancer casts a spell at you.
The bolt of fire hits you!!
Ouch! That really hurt!
You die...
Your body crumbles into a pile of gold.

#...........#
#.......##..#
#....###.#.##
+.......##.#
#....###.#.#
#.......##..
####.###.#..
#...)##
#.###@#
#....e##
...####


You could see a deep elf pyromancer.

Vanquished Creatures
  2 water moccasins (D:7)
  A black bear (D:6)
  3 ogres
  A sky beast (D:6)
  A centaur (D:5)
  3 phantoms
  A gnoll sergeant (D:6)
  A bullfrog (D:7)
  4 scorpions
  A water moccasin zombie (D:6)
  A water moccasin skeleton (D:4)
  5 wights
  2 bullfrog zombies (D:6)
  3 hounds
  Crazy Yiuf (D:5)
  4 jellies
  2 bullfrog skeletons
  3 iguanas
  An orc wizard (D:5)
  A hound skeleton (D:4)
  14 mummies (Ossuary)
  3 gnolls (D:6)
  7 adders
  2 white imps
  2 worms
  2 dart slugs
  7 orcs
  4 ball pythons
  6 bats
  5 endoplasms
  3 giant cockroaches
  10 goblins
  6 hobgoblins
  5 jackals
  5 kobolds
  3 quokkas
  A frilled lizard (D:2)
  6 gnoll skeletons (Ossuary)
  2 kobold skeletons (Ossuary)
  6 rats
  11 rat skeletons (Ossuary)
  A rat zombie (D:4)
152 creatures vanquished.

Notes
Turn   | Place    | Note
-------+----------+-------------------------------------------
     0 | D:1      | Delamore the Formicid Fighter began the quest for the Orb.
     0 | D:1      | Reached XP level 1. HP: 18/18 MP: 1/1
   114 | D:1      | Reached XP level 2. HP: 20/24 MP: 2/2
   534 | D:1      | Reached XP level 3. HP: 27/30 MP: 3/3
   636 | D:1      | Reached skill level 3 in Axes
  1254 | D:2      | Reached XP level 4. HP: 37/37 MP: 4/4
  1384 | D:2      | Found a faded altar of an unknown god.
  1909 | D:3      | Found a broken altar of Ashenzari.
  2006 | D:3      | Reached skill level 4 in Axes
  2365 | D:3      | Reached XP level 5. HP: 19/43 MP: 5/5
  2688 | D:4      | Reached skill level 5 in Axes
  2688 | D:4      | Reached XP level 6. HP: 36/50 MP: 6/6
  2701 | D:4      | Found a sand-covered staircase.
  2716 | Ossuary  | Entered an ossuary
  2848 | Ossuary  | Reached skill level 5 in Fighting
  3703 | Ossuary  | Reached skill level 6 in Axes
  3703 | Ossuary  | Reached XP level 7. HP: 49/56 MP: 7/7
  4746 | D:3      | Reached skill level 7 in Axes
  5189 | D:4      | Reached XP level 8. HP: 16/56 MP: 8/8
  5710 | D:4      | Reached skill level 8 in Axes
  5777 | D:5      | Entered Level 5 of the Dungeon
  6260 | D:5      | Reached skill level 9 in Axes
  6648 | D:5      | Found a runed translucent door.
  6649 | D:5      | Noticed Crazy Yiuf
  7023 | D:5      | Killed Crazy Yiuf
  7253 | D:6      | Reached skill level 10 in Axes
  7253 | D:6      | Reached XP level 9. HP: 41/68 MP: 9/9
  7459 | D:6      | Found a snail-covered altar of Cheibriados.
  7824 | D:6      | Found a staircase to the Ecumenical Temple.
  7850 | Temple   | Entered the Ecumenical Temple
  7992 | Temple   | Became a worshipper of Gozag Ym Sagoz the Greedy
  8015 | D:6      | Reached skill level 11 in Axes
  9128 | D:7      | Noticed a deep elf pyromancer
  9148 | D:7      | Killed from afar by a deep elf pyromancer

Illustrated notes

Levels and vault maps discovered:
D:1:      dpeg_arrival_shrine, layout_rooms, minmay_misc_feat_diagonals
D:2:      layout_rooms, chequers_ecumenical_altar_simple, minmay_tetromino_l2
D:3:      layout_loops_ring, nicolae_ashenzari_skybound
D:4:      minmay_chambers_of_fours, layout_basic, enter_ossuary_3
D:5:      layout_basic, uniq_crazy_yiuf_cottage
D:6:      black_bear_nest_1, layout_layer_cave, cheibriados_altar_1,
          minmay_temple_entry_mist, serial_bayou_crossing
D:7:      minmay_razor_zed, layout_basic, hex_large,
          chequers_serial_rivers_room_a, minmay_manual_maat
Temple:   nicolae_temple_elliptical

Skill      XL: |  1  2  3  4  5  6  7  8  9 |
---------------+----------------------------+-----
Axes           | 3 4 5 6 7 10 11 | 11.8
Fighting       | 4 5 |  5.0
Shields        | 4 |  4.3
Armour         | |  3.2

Action                   |  1- 3 |  4- 6 |  7- 9 || total
-------------------------+-------+-------+-------++-------
Melee: War axe           |    91 |    51 |       ||   142
       Hand axe          |       |   149 |   343 ||   492
  Use: Scroll            |     2 |     4 |     8 ||    14
       Potion            |       |       |     1 ||     1
Armor: Scale mail        |    40 |    45 |    76 ||   161
Dodge: Dodged            |    24 |    44 |    81 ||   149
Block: Kite shield       |    46 |    78 |   139 ||   263
